 Dungeon Crawl Stone Soup version 0.23.0 (webtiles) character file.

Game seed: 16702836138070703143

288 Folque the Digger (level 6, -1/48 HPs)
             Began as a Draconian Earth Elementalist on Feb 8, 2019.
             Slain by an ice beast (12 damage)
             ... on level 5 of the Dungeon.
             The game lasted 00:10:39 (3020 turns).

Folque the Digger (Draconian Earth Elementalist)    Turns: 3020, Time: 00:10:43

Health: -1/48      AC:  7    Str: 10      XL:     6   Next: 9%
Magic:  0/12       EV: 12    Int: 18      God:
Gold:   228        SH:  0    Dex: 10 (11) Spells: 2/13 levels left

rFire    . . .     SeeInvis .   m - +0 flail
rCold    . . .     Gourm    .   (no shield)
rNeg     . . .     Faith    .   (armour unavailable)
rPois    .         Spirit   .   k - +1 hat
rElec    .         Reflect  .   (no cloak)
rCorr    .         Harm     .   (no gloves)
MR       .....                  (no boots)
Stlth    ++........             (no amulet)
HPRegen  0.16/turn              (no ring)
MPRegen  0.13/turn              (no ring)

@: very slightly contaminated
A: unfitting armour, cold-blooded, AC +6
a: no special abilities


You were on level 5 of the Dungeon.
You were not hungry.

You visited 1 branch of the dungeon, and saw 5 of its levels.

You collected 228 gold pieces.

Inventory:

Hand Weapons
 f - a +0 whip
 m - a +0 flail (weapon)
Missiles
 b - 167 stones (quivered)
Armour
 k - a +1 hat (worn)
 t - a +0 shield
Jewellery
 h - a cursed ring of teleportation {unknown}
 n - a cursed ring of attention {unknown}
 p - a cursed amulet of inaccuracy
Scrolls
 d - a scroll of enchant armour
 l - a scroll of enchant weapon {unknown}
 o - a scroll of teleportation {unknown}
 q - a scroll of immolation {unknown}
 r - 2 scrolls of fear {unknown}
 u - a scroll of identify
Potions
 e - a potion of ambrosia {unknown}
 g - a potion of brilliance {unknown}
 i - a potion of invisibility {unknown}
 j - a potion of might
 s - a potion of magic {unknown}
 v - a potion of cancellation {unknown}
Comestibles
 a - 3 chunks of flesh
 c - 5 rations


   Skills:
 - Level 2.0 Fighting
 - Level 1.7 Dodging
 - Level 1.7 Stealth
 + Level 4.1 Spellcasting
 + Level 1.3 Conjurations
 - Level 1.0 Transmutations
 * Level 4.8 Earth Magic


You had 2 spell levels left.
You knew the following spells:

 Your Spells              Type           Power        Failure   Level  Hunger
a - Sandblast             Erth           ###...       1%          1    None
b - Passwall              Tmut/Erth      ##......     7%          2    ##.....
c - Stone Arrow           Conj/Erth      ##....       12%         3    ###....
d - Lee's Rapid Deconstr  Erth           ###.......   50%         5    ######.

Your spell library contained the following spells:

 Spells                   Type           Power        Failure   Level  Hunger
 Petrify                  Tmut/Erth      ##......     41%         4    ####...


Dungeon Overview and Level Annotations

Branches:
Dungeon (5/15)
 Temple: D:4-7

Altars:

Annotations:
D:4 Eustachio, Pikel
D:5 Ijyb


Innate Abilities, Weirdness & Mutations

Your plain brown scales are hard. (AC +6)
You cannot fit into any form of body armour.
You are cold-blooded and may be slowed by cold attacks.


Message History

The ice beast hits you but does no damage.
You barely miss the ice beast.
The ice beast is almost dead.
The ice beast hits you but does no damage.
The ice beast hits you. The ice beast freezes you!
You feel yourself slow down.
* * * LOW HITPOINT WARNING * * *
You feel yourself speed up.
The ice beast hits you but does no damage.
Casting: Stone Arrow (safe; 12% risk of failure)
Confirm with . or Enter, or press ? or * to list all spells.
Aiming: Sandblast (safe; 1% risk of failure)
Press: ? - help, Shift-Dir - straight line, f/p - ice beast
Aim: an ice beast (almost dead)
The blast of sand hits the ice beast.
The ice beast is almost dead.
b - 167 stones The ice beast hits you.
* * * LOW HITPOINT WARNING * * *
The ice beast freezes you!
You die...

#. #..## .. ##..# ##.#
#..# ... #..#
#..##...# ## #..#
##.....#
...#####...####.....##
....................#
#....#####....>...#
#$@# #.......)# #.Y#
##........# ##.##
#.........#
#†.###...........
##.##............
#......###....#
#....### .... #.....#
..# .....#... .#


You could see an ice beast.

Vanquished Creatures
  A slave (D:3)
  An orc priest (D:4)
  A centaur skeleton (D:4)
  A hound (D:4)
  An orc wizard (D:4)
  Jessica (D:3)
  A worker ant (D:4)
  4 adders
  An adder skeleton (D:4)
  A worm (D:4)
  3 dart slugs
  A leopard gecko (D:1)
  6 orcs
  5 goblins
  12 hobgoblins
  6 kobolds
  2 quokkas
  3 ball pythons
  11 bats
  4 frilled lizards
  A leopard gecko skeleton (D:4)
  8 rats
75 creatures vanquished.

Notes
Turn   | Place    | Note
-------+----------+-------------------------------------------
     0 | D:1      | Folque the Draconian Earth Elementalist began the quest for
                  | the Orb.
     0 | D:1      | Reached XP level 1. HP: 14/14 MP: 3/3
   130 | D:1      | Reached skill level 1 in Fighting
   160 | D:1      | Reached XP level 2. HP: 13/23 MP: 3/5
   717 | D:2      | Learned a level 2 spell: Passwall
   807 | D:2      | Reached XP level 3. HP: 21/29 MP: 6/6
   812 | D:2      | Learned a level 3 spell: Stone Arrow
  1577 | D:2      | Reached XP level 4. HP: 36/36 MP: 8/8
  1982 | D:3      | Noticed Jessica
  1990 | D:3      | Killed Jessica
  1990 | D:3      | Reached skill level 1 in Conjurations
  2210 | D:4      | Noticed a slave
  2211 | D:4      | Noticed Pikel
  2314 | D:3      | Killed a slave
  2519 | D:4      | Reached XP level 5. HP: 36/41 MP: 0/10
  2534 | D:3      | Learned a level 5 spell: Lee's Rapid Deconstruction
  2918 | D:4      | Noticed Eustachio
  2945 | D:4      | Reached XP level 6. HP: 32/48 MP: 0/12
  2980 | D:5      | Entered Level 5 of the Dungeon
  2980 | D:5      | Noticed Ijyb
  2980 | D:5      | Noticed an ice beast
  3020 | D:5      | Slain by an ice beast

Skill      XL: |  1  2  3  4  5 |
---------------+----------------+-----
Fighting       | 1 2 |  2.0
Spellcasting   | 3 4 |  4.1
Conjurations   | 1 |  1.3
Earth Magic    | 4 |  4.8
Dodging        | |  1.7
Stealth        | |  1.7
Transmutations | |  1.0

Action                   |  1- 3 |  4- 6 || total
-------------------------+-------+-------++-------
Melee: Unarmed           |    14 |       ||    14
       Tailslap          |    11 |     5 ||    16
       Whip              |    62 |       ||    62
       Flail             |    37 |    71 ||   108
 Cast: Sandblast         |    23 |    18 ||    41
       Stone Arrow       |     2 |    17 ||    19
       Lee's Rapid Decon |       |     1 ||     1
  Use: Scroll            |     1 |     2 ||     3
 Stab: Sleeping          |     2 |     1 ||     3
  Eat: Chunk             |     3 |     7 ||    10
Armor: Skin              |    73 |    40 ||   113
Dodge: Dodged            |   111 |    80 ||   191
